 Dungeon Crawl Stone Soup version 0.29.0-13-gc9e81de378 (webtiles) character file.

Game seed: 6367535873501777692

24218 Artool the Basher (level 12, -1/88 HPs)
             Began as a Demonspawn Gladiator on Sept 7, 2022.
             Was a High Priest of Hepliaklqana.
             Succumbed to Urug's poison
             ... on level 3 of the Lair of Beasts.
             The game lasted 01:17:47 (14177 turns).

Artool the Basher (Demonspawn Gladiator)           Turns: 14177, Time: 01:17:47

Health: -1/88      AC: 24    Str: 17    XL:     12   Next: 78%
Magic:  12/12      EV: 12    Int: 10    God:    Hepliaklqana [*****.]
Gold:   1223       SH:  0    Dex: 17    Spells: 11/11 levels left

rFire   . . .      SeeInvis +   b - +0 demon whip (freeze)
rCold   . . .      Faith    .   (no shield)
rNeg    . . .      Spirit   .   T - +4 chain mail
rPois   .          Reflect  .   c - +0 helmet
rElec   .          Harm     .   H - +0 cloak
rCorr   +          Rampage  .   L - +0 pair of gloves
Will    .....                   s - +0 pair of boots
Stlth   ..........              p - amulet of regeneration
HPRegen 1.04/turn               x - ring of resist corrosion
MPRegen 0.26/turn               n - ring of see invisible

@: lethally poisoned (-1 -> -39), studying Maces & Flails
A: reduced essence, hooves 2, icy blue scales 2, powered by death 1, magic
regeneration
a: Renounce Religion, Recall Ancestor, Ancestor Identity, Transference, Idealise


You were on level 3 of the Lair of Beasts.
You worshipped Hepliaklqana.
Hepliaklqana was extremely pleased with you.
You visited 4 branches of the dungeon, and saw 17 of its levels.

You collected 1223 gold pieces.

Inventory:

Hand Weapons
 a - a +3 whip of electrocution
 b - a +0 demon whip of freezing (weapon)
Missiles
 e - 2 javelins (quivered)
 m - 2 poisoned darts
 C - 12 boomerangs
Armour
 c - a +0 helmet (worn)
 i - a +1 hat
 s - a +0 pair of boots (worn)
 H - a +0 cloak (worn)
 L - a +0 pair of gloves (worn)
 T - a +4 chain mail (worn)
Jewellery
 h - a ring of poison resistance
 n - a ring of see invisible (right hand)
 p - an amulet of regeneration (around neck)
 x - a ring of resist corrosion (left hand)
Wands
 M - a wand of charming (21)
Scrolls
 d - a scroll of enchant weapon {unknown}
 g - a scroll of teleportation
 j - 7 scrolls of identify
 l - a scroll of magic mapping
 q - a scroll of acquirement
 r - 2 scrolls of blinking
 E - a scroll of silence
Potions
 f - 8 potions of curing
 D - a potion of heal wounds
 J - 2 potions of haste


   Skills:
 + Level 10.5 Fighting
 + Level 12.6 Maces & Flails
 * Level 4.5 Throwing
 + Level 9.4 Armour
 + Level 9.9 Dodging
 * Level 0.3 Invocations
 - Level 1.0 Evocations


You had 11 spell levels left.
You didn't know any spells.
Your spell library contained the following spells:

 Spells                   Type           Power      Damage    Failure   Level
 Animate Armour           Summ/Erth      0%         N/A       100%        4
 Animate Dead             Necr           0%         N/A       100%        4
 Leda's Liquefaction      Hex/Erth       0%         N/A       100%        4
 Blade Hands              Tmut           0%         N/A       100%        5
 Lee's Rapid Deconstruct  Erth           0%         3d5*      100%        5
 Iron Shot                Conj/Erth      0%         9d1       100%        6
 Statue Form              Tmut/Erth      0%         N/A       100%        6
 Haunt                    Necr/Summ      0%         N/A       100%        7
 Infestation              Necr           0%         N/A       100%        8


Dungeon Overview and Level Annotations

Branches:
Dungeon (11/15)            Temple (1/1) D:6            Lair (3/5) D:11
    Orc (2/2) D:9
  Swamp: Lair:2-3    Shoals: Lair:2-3     Snake: Lair:2-3    Spider: Lair:2-3
    Elf: Orc:2

Altars:
Ashenzari
Cheibriados
Dithmenos
Fedhas
Gozag
Hepliaklqana
Kikubaaqudgha
Makhleb
Nemelex Xobeh
Okawaru
Qazlal
Ru
Sif Muna
Trog
Uskayaw
Vehumet
Wu Jian
Xom
Yredelemnul

Shops:
D:5 *

Portals:
Trove: D:10 (give 14 scrolls of teleportation)

Annotations:
Lair:3 Fannar, Josephine, Urug
Orc:2 Jorgrun


Innate Abilities, Weirdness & Mutations

Your life essence is reduced to manifest your ancestor. (-10% HP)
You have hoof-like feet.
You are mostly covered in icy blue scales. (AC +3)
You regenerate a little health from kills.
You regenerate magic rapidly.


Message History

The plant begins to die.
The wraith drains the plant's vigour!
You hit Urug. You freeze Urug.
Urug is moderately wounded.
You feel sick.
Zosia closely misses Urug.
You hit Urug. You freeze Urug.
Urug is moderately wounded.
You feel sick.
Zosia hits Urug but does no damage.
Urug squints, then shrugs and mutters, "Close enough."
Urug hits you with a +2 demon trident of venom!
You are more poisoned.
The wraith hits the plant.
The wraith drains the plant's vigour!
You hit Urug but do no damage.
Urug is moderately wounded.
You feel sick.
Zosia points at Urug and mumbles some strange words.
Urug easily resists.
You closely miss Urug.
Urug is moderately wounded.
You feel sick.
Urug hits you with a +2 demon trident of venom!
You are more poisoned.
You closely miss Urug.
Urug is moderately wounded.
You feel very sick.
A nearby plant withers and dies.
Zosia barely misses Urug.
You closely miss Urug.
Urug is moderately wounded.
You feel very sick.
Zosia misses Urug.
Urug hits you with a +2 demon trident of venom!
* * * LOW HITPOINT WARNING * * *
You are more poisoned.
A wraith comes into view.
* * * LOW HITPOINT WARNING * * *
You feel extremely sick.
Zosia hits Urug but does no damage.
Zosia drains Urug.
Zosia hits Urug with a +0 dagger of draining.
Urug throws a javelin.
The javelin pierces through you but does no damage.
You die...

# ### ### ##### #
#.##..#######.####.P.##P
...........<............
.........†#†##P...#P...#
..............P.#.......
...........e....+.#.....
#.....@..#.........P##.
#.......RoW............
#........#W............
#........#.WP.P........
#.............W......##
#.......###.###..[.####
#.....### ### #....#
#..... #....## ##....##


You could see the friendly Zosia the hexer, Fannar, Urug (drained, ally target)
and 3 wraiths.

Vanquished Creatures
  A hydra (Lair:1)
  4 two-headed ogres
  A cyclops (D:11)
  An orc sorcerer (Orc:1)
  An ugly thing (D:10)
  A manticore (D:11)
  3 elephants
  2 cane toads
  A kobold demonologist (D:10)
  7 komodo dragons
  5 trolls
  2 hornets
  Grinder (D:3)
  A jumping spider (Lair:3)
  Sigmund (D:3)
  A shadow (D:11)
  A spriggan (D:8)
  A wraith (Lair:2)
  7 yaks
  2 wyverns
  A basilisk (Lair:1)
  3 vampire mosquitoes (D:11)
  3 steam dragons
  A warg (Orc:2)
  An acid dragon (D:10)
  3 water moccasins
  3 orc warriors
  An ice beast (D:5)
  A sky beast (D:8)
  4 black bears
  An ogre (D:5)
  7 wolves
  2 centaurs
  A phantom (D:5)
  A kobold brigand (D:8)
  8 bullfrogs
  2 scorpions
  6 necrophages
  8 killer bees
  An electric eel (D:11)
  3 howler monkeys
  A lava snake (D:8)
  A jelly (D:5)
  6 hounds
  Crazy Yiuf (D:3)
  8 orc priests
  Natasha (thrice) (D:3)
  A hexer (D:9)
  4 iguanas
  5 orc wizards
  Robin (D:5)
  13 gnolls
  14 adders
  4 shadow imps
  3 white imps
  4 ufetubi
  4 worms
  A dart slug (D:5)
  45 orcs
  6 ball pythons
  3 bats
  8 endoplasms
  2 giant cockroaches
  14 goblins
  6 hobgoblins
  A jackal (D:5)
  4 quokkas
  4 frilled lizards
  2 goblin skeletons (D:6)
  A goblin zombie (D:6)
  2 hobgoblin zombies (D:6)
  16 kobolds
  2 kobold skeletons (D:6)
  A kobold zombie (D:6)
  An orc zombie (D:6)
  3 rats
300 creatures vanquished.

Vanquished Creatures (collateral kills)
  2 two-headed ogres
  Nergalle (Lair:1)
  Amaemon (D:9)
  3 elephants (Lair:2)
  2 komodo dragons
  An orange demon (D:9)
  A troll (D:11)
  Prince Ribbit (D:7)
  4 yaks (Lair:2)
  A basilisk (Lair:1)
  A vampire mosquito (D:11)
  A redback (Lair:3)
  A water moccasin (Lair:1)
  2 orc warriors (Orc:1)
  An ogre (Orc:1)
  A wolf (Lair:3)
  A centaur (D:8)
  2 kobold brigands
  2 bullfrogs
  A necrophage (D:8)
  A wight (D:8)
  An electric eel (D:11)
  A hound (D:11)
  An orc priest (D:7)
  2 orc wizards (D:9)
  9 orcs
  2 kobolds
47 creatures vanquished.

Vanquished Creatures (others)
  5 hexers
  An ancestor (D:7)
  14 fungi
  15 plants
35 creatures vanquished.

Grand Total: 382 creatures vanquished

Notes
Turn   | Place    | Note
-------+----------+-------------------------------------------
     0 | D:1      | Artool the Demonspawn Gladiator began the quest for the
                  | Orb.
     0 | D:1      | Reached XP level 1. HP: 16/16 MP: 1/1
    66 | D:1      | You fall into a shaft and drop 1 floor!
   379 | D:1      | Gained mutation: You are partially covered in icy blue
                  | scales. (AC +2) [demonic ancestry]
   379 | D:1      | Reached XP level 2. HP: 19/22 MP: 2/2
   755 | D:1      | Found a faded altar of an unknown god.
   847 | D:1      | Reached skill level 3 in Maces & Flails
  1505 | D:2      | Found a basalt altar of Yredelemnul.
  1557 | D:2      | Reached skill level 1 in Armour
  1557 | D:2      | Gained mutation: You regenerate magic rapidly. [demonic
                  | ancestry]
  1557 | D:2      | Reached XP level 3. HP: 19/28 MP: 3/3
  2358 | D:3      | Noticed Sigmund
  2509 | D:3      | Found a runed translucent door.
  2510 | D:3      | Noticed Crazy Yiuf
  2552 | D:3      | Noticed Natasha
  2570 | D:3      | Killed Natasha
  2571 | D:3      | Reached XP level 4. HP: 4/34 MP: 4/4
  2642 | D:4      | Found a blossoming altar of Fedhas.
  2716 | D:4      | Reached XP level 5. HP: 41/41 MP: 5/5
  2879 | D:3      | Noticed Natasha
  2903 | D:3      | Killed Natasha
  3133 | D:3      | Gained mutation: You have large cloven feet. [demonic
                  | ancestry]
  3133 | D:3      | Reached XP level 6. HP: 46/47 MP: 6/6
  3535 | D:3      | Noticed Grinder
  3643 | D:4      | Noticed Robin
  3660 | D:4      | Reached skill level 4 in Maces & Flails
  3694 | D:5      | Entered Level 5 of the Dungeon
  3762 | D:5      | Killed Robin
  3812 | D:4      | Noticed a fire elemental
  3814 | D:4      | Found a stormy altar of Qazlal.
  3818 | D:4      | Noticed an air elemental
  3818 | D:4      | Noticed a water elemental
  4287 | D:5      | Gained mutation: You are mostly covered in icy blue scales.
                  | (AC +3) [demonic ancestry]
  4287 | D:5      | Reached XP level 7. HP: 52/54 MP: 7/7
  4558 | D:5      | Found Homapuda's General Store.
  4753 | D:5      | Reached skill level 5 in Maces & Flails
  4760 | D:5      | Reached skill level 5 in Dodging
  4760 | D:5      | Reached XP level 8. HP: 61/61 MP: 8/8
  4784 | D:5      | Reached skill level 5 in Fighting
  5050 | D:5      | Found a bloodstained altar of Trog.
  5168 | D:6      | Found a hazy altar of Hepliaklqana.
  5172 | D:6      | Became a worshipper of Hepliaklqana the Forgotten
  5402 | D:6      | Reached skill level 5 in Armour
  5413 | D:6      | Found a staircase to the Ecumenical Temple.
  5435 | Temple   | Entered the Ecumenical Temple
  5540 | D:6      | Noticed a two-headed ogre
  5613 | D:3      | Killed Crazy Yiuf
  5756 | D:3      | Noticed Natasha
  5760 | D:3      | Killed Natasha
  5961 | D:6      | Reached skill level 6 in Maces & Flails
  5964 | D:6      | Gained mutation: You regenerate a little health from kills.
                  | [demonic ancestry]
  5964 | D:6      | Reached XP level 9. HP: 47/69 MP: 9/9
  6019 | D:6      | Reached * piety under Hepliaklqana
  6134 | D:6      | Found a radiant altar of Vehumet.
  6453 | D:7      | Found an ornate altar of the Wu Jian Council.
  6468 | D:7      | Noticed Prince Ribbit
  6663 | D:7      | Killed Prince Ribbit
  6790 | D:7      | Identified the +6 falchion of the Extremes {vorpal, MP+9
                  | Str+2 Dex-5}
  6867 | D:8      | Reached ** piety under Hepliaklqana
  6868 | D:8      | Remembered your ancestor Zosia as a hexer
  6883 | D:8      | Noticed a troll
  6893 | D:8      | Killed a troll
  7376 | D:8      | Reached skill level 7 in Maces & Flails
  7547 | D:8      | Gained mutation: You have hoof-like feet. [demonic
                  | ancestry]
  7547 | D:8      | Reached XP level 10. HP: 69/71 MP: 10/10
  8015 | D:9      | Noticed a two-headed ogre
  8021 | D:9      | Killed a two-headed ogre
  8108 | D:9      | Found a staircase to the Orcish Mines.
  8304 | D:9      | Noticed Amaemon
  8311 | D:9      | Killed Amaemon
  8313 | D:9      | Noticed an orange demon
  8320 | D:9      | Killed an orange demon
  8396 | D:9      | Reached *** piety under Hepliaklqana
  8630 | D:9      | Noticed a two-headed ogre
  8636 | D:9      | Killed a two-headed ogre
  8637 | D:9      | Reached skill level 8 in Maces & Flails
  8757 | D:9      | Noticed a two-headed ogre
  8757 | D:9      | Noticed a two-headed ogre
  8865 | D:5      | Killed a two-headed ogre
  8922 | D:3      | Killed Grinder
  9020 | D:3      | Killed Sigmund
  9021 | D:3      | Reached XP level 11. HP: 78/78 MP: 11/11
  9258 | D:9      | Found the +12 pair of quick blades "Gyre" and "Gimble"
                  | {protect}
  9316 | D:9      | Killed a two-headed ogre
  9489 | D:9      | Killed a two-headed ogre
  9573 | Orc:1    | Entered Level 1 of the Orcish Mines
  9573 | Orc:1    | Noticed an orc sorcerer
  9583 | Orc:1    | Killed an orc sorcerer
  9846 | Orc:2    | Entered Level 2 of the Orcish Mines
  9858 | Orc:2    | Noticed Jorgrun
  9899 | D:10     | Entered Level 10 of the Dungeon
 10226 | D:10     | Reached skill level 9 in Maces & Flails
 10509 | D:10     | Reached **** piety under Hepliaklqana
 10564 | D:10     | Found a portal to a secret trove of treasure.
 11216 | D:11     | Noticed a two-headed ogre
 11216 | D:11     | Noticed a green ugly thing
 11234 | D:10     | Killed a two-headed ogre
 11336 | D:10     | Killed a green ugly thing
 11337 | D:10     | Reached skill level 10 in Fighting
 11481 | D:11     | Found a staircase to the Lair.
 11512 | D:11     | Reached XP level 12. HP: 51/87 MP: 12/12
 11699 | Lair:1   | Entered Level 1 of the Lair of Beasts
 11873 | Lair:1   | Noticed a five-headed hydra
 11926 | Lair:1   | Reached skill level 10 in Maces & Flails
 11981 | D:11     | Identified 2 scrolls of acquirement
 11981 | D:11     | Acquired a manual of Maces & Flails
 12344 | Lair:1   | Killed a five-headed hydra
 12396 | Lair:1   | Noticed Nergalle
 12418 | Lair:1   | Killed Nergalle
 12419 | Lair:1   | Reached skill level 11 in Maces & Flails
 12822 | Lair:1   | Reached ***** piety under Hepliaklqana
 13160 | Lair:2   | Reached skill level 12 in Maces & Flails
 14079 | Lair:3   | Noticed Urug
 14120 | Lair:3   | Noticed Fannar
 14127 | Lair:3   | Reached skill level 1 in Evocations
 14167 | Lair:3   | Noticed Josephine
 14177 | Lair:3   | Succumbed to Urug's poison

Illustrated notes

Levels and vault maps discovered:
D:1:      beargit_arrival_diablo_church, layout_basic,
          hellmonk_ecumenical_altar_heavens_door
D:2:      layout_loops_ring, basic_altar
D:3:      layout_basic, uniq_crazy_yiuf_cottage, uniq_grinder, uniq_sigmund,
          uniq_natasha
D:4:      layout_basic, fedhas_ov_isle_minmay, lemuel_round_altar,
          nicolae_qazlal_style_of_elements, hex_large, st_stairs_10, uniq_robin
D:5:      minmay_chambers_of_threes, layout_basic, trog_ov_bears_minmay,
          serial_shops, shop
D:6:      layout_loops_ring, mainiacjoe_overflow_cross_hatched,
          gammafunk_temple_overflow_wave, nicolae_tso_besieged_by_evil,
          minmay_temple_entry_overgrown
D:7:      layout_rooms, mainiacjoe_overflow_24_doors, uniq_prince_ribbit1
D:8:      minmay_skewed_foursquare, layout_loops_corners, kennysheep_path_1,
          minmay_misc_feat_rows
D:9:      layout_irregular_city, hiddenorc1_lemuel,
          hellmonk_guarded_unrand_gyre_and_gimble, uniq_amaemon
D:10:     layout_loops_ring, enter_trove_6
D:11:     layout_rooms, erik_lair_island, serial_glass, glass_columns_b,
          glass_columns_a, glass_columns_a, glass_columns_b, glass_columns_a,
          glass_columns_a, glass_columns_b, glass_columns_a
Temple:   nicolae_temple_ecumenical_triangle
Lair:1:   layout_concentric_octagons, uniq_nergalle
Lair:2:   layout_loops_ring, grunt_megastairs_5
Lair:3:   layout_chaotic_city, elwin_shoals_entry_rooms, spider_nest_entry_a,
          serial_bayou_ford_a, lemuel_fruit_tree, uniq_fannar, uniq_urug,
          uniq_josephine
Orc:1:    layout_diamond_mine, nicolae_shop_gadgets, uniq_maurice
Orc:2:    st_orc_congregation, layout_caves, gammafunk_ghost_berserking_beasts,
          basic_altar, serial_shops, nicolae_shop_crystal, uniq_jorgrun

Skill      XL: |  1  2  3  4  5  6  7  8  9 10 11 12 |
---------------+-------------------------------------+-----
Throwing       | 2 4 |  4.5
Maces & Flails | 3 4 5 6 7 8 9 12 | 12.6
Armour         | 1 2 3 4 5 6 7 9 |  9.4
Dodging        | 3 4 5 6 7 8 9 |  9.9
Fighting       | 3 4 6 7 8 10 | 10.5
Evocations     | 1 |  1.0
Invocations    | |  0.3

Action                   |  1- 3 |  4- 6 |  7- 9 | 10-12 || total
-------------------------+-------+-------+-------+-------++-------
Melee: Flail             |    42 |       |       |       ||    42
       Whip              |   114 |   298 |   407 |   455 ||  1274
       Punch             |       |       |     8 |    14 ||    22
       Demon whip        |       |       |       |   251 ||   251
Throw: Dart              |       |       |       |     6 ||     6
       Javelin           |       |       |       |     5 ||     5
Invok: Recall Ancestor   |       |       |     1 |     4 ||     5
       Ancestor Life: He |       |       |     1 |       ||     1
       Ancestor Identity |       |       |     1 |       ||     1
  Use: Scroll            |       |       |       |    15 ||    15
       Potion            |       |       |       |     9 ||     9
 Stab: Sleeping          |     2 |       |       |       ||     2
       Confused          |       |       |       |    15 ||    15
       Distracted        |       |       |       |    14 ||    14
Armor: Leather armour    |    45 |       |       |       ||    45
       Scale mail        |    13 |    21 |       |       ||    34
       Chain mail        |       |   181 |   243 |   351 ||   775
Dodge: Dodged            |    75 |   132 |   181 |   284 ||   672
